 Dungeon Crawl Stone Soup version 0.32-a0-540-g866d13106e (webtiles) character file.

Game seed: 12343020840160054717

13544 adelrune the Skirmisher (level 12, -11/84 HPs)
             Began as a Coglin Hexslinger on Feb 28, 2024.
             Was a Believer of Hepliaklqana.
             Mangled by a ten-headed hydra (13 damage)
             ... on level 10 of the Dungeon.
             The game lasted 00:36:26 (12901 turns).

adelrune the Skirmisher (Coglin Hexslinger)        Turns: 12901, Time: 00:36:26

Health: -11/84     AC: 10    Str: 12    XL:     12   Next: 7%
Magic:  13/13      EV: 15    Int: 13    God:    Hepliaklqana [**....]
Gold:   774        SH:  0    Dex: 21    Spells: 4/13 levels left

rFire   . . .        a - +1 sling {Chinhae}
rCold   . . .        m - +0 sling {Si-Tayit}
rNeg    . . .        A - +2 ring mail "Trusted Companion" {Str+3 SInv}
rPois   .            (no helmet)
rElec   .            l - +0 cloak
rCorr   .            k - +0 pair of gloves
SInv    +            h - +0 pair of boots
Will    .....        M - amulet of regeneration
Stlth   +            (ring unavailable)
HPRegen 1.14/turn    (ring unavailable)
MPRegen 0.13/turn

%: no passive effects
@: about to teleport
A: reduced essence, off-hand wielding, slow wielding, warmup strikes, no rings
a: Renounce Religion, Recall Ancestor, Ancestor Identity


You were on level 10 of the Dungeon.
You worshipped Hepliaklqana.
Hepliaklqana was pleased with you.
You visited 2 branches of the dungeon, and saw 12 of its levels.
You also visited: Sewer.

You collected 774 gold pieces.

Inventory:

Hand Weapons
 a - a +1 sling (weapon) {Chinhae}
 m - a +0 sling (offhand) {Si-Tayit}
Missiles
 f - 3 curare-tipped darts
 x - 15 throwing nets
Armour
 h - a +0 pair of boots (worn)
 k - a +0 pair of gloves (worn)
 l - a +0 cloak (worn)
 r - a +0 troll leather armour
 A - the +2 ring mail "Trusted Companion" (worn) {Str+3 SInv}
   (You took it off an orc on level 4 of the Dungeon)

   Str+3:     It affects your strength (+3).
   SInv:      It lets you see invisible.
 C - a +2 robe of willpower
Jewellery
 M - an amulet of regeneration (around neck)
Wands
 n - a wand of mindburst (15)
 B - a wand of roots (5)
 D - a wand of charming (9)
 L - a wand of polymorph (6)
 N - a wand of flame (9)
Scrolls
 b - 2 scrolls of poison
 c - 9 scrolls of identify
 d - 5 scrolls of butterflies {unknown}
 e - a scroll of silence {unknown}
 g - a scroll of torment {unknown}
 i - 2 scrolls of enchant weapon {unknown}
 j - 2 scrolls of immolation {unknown}
 s - 4 scrolls of revelation {unknown}
 y - 3 scrolls of fog
 z - 2 scrolls of noise {unknown}
 G - 2 scrolls of vulnerability {unknown}
 J - 2 scrolls of amnesia
 K - a scroll of teleportation
 O - a scroll of fear {unknown}
Potions
 o - a potion of attraction {unknown}
 p - a potion of lignification
 q - 2 potions of haste {unknown}
 t - a potion of might {unknown}
 u - a potion of curing
 v - 2 potions of degeneration
 w - 3 potions of enlightenment {unknown}
 E - a potion of mutation {unknown}
 F - 2 potions of brilliance
 I - a potion of invisibility
 P - a potion of resistance {unknown}
 Q - a potion of berserk rage {unknown}
Miscellaneous
 H - a phial of floods


   Skills:
 + Level 8.4 Fighting
 * Level 11.1 Ranged Weapons
 + Level 7.9 Dodging
 - Level 1.0 Spellcasting
 + Level 8.2 Hexes
 - Level 0.8 Fire Magic
 + Level 5.1 Evocations


You had 4 spell levels left.
You knew the following spells:

 Your Spells              Type           Power      Damage    Failure   Level
a - Jinxbite              Hex            44%        N/A       3%          2
b - Sigil of Binding      Hex            22%        N/A       7%          3
c - Cause Fear            Hex            11%        N/A       22%         4

Your spell library contained the following spells:

 Spells                   Type           Power      Damage    Failure   Level
 Inner Flame              Hex/Fire       12%        N/A       30%         3
 Sting                    Conj/Alch      0%         1d3       54%         1
 Mercury Vapours          Alch/Air       0%         N/A       67%         2
 Dimensional Bullseye     Hex/Tloc       5%         N/A       75%         4
 Fugue of the Fallen      Necr           0%         N/A       88%         3
 Hailstorm                Conj/Ice       0%         3d5       88%         3
 Ozocubu's Armour         Ice            0%         N/A       88%         3
 Summon Ice Beast         Ice/Summ       0%         N/A       88%         3
 Manifold Assault         Tloc           0%         N/A       99%         4
 Olgreb's Toxic Radiance  Alch           0%         N/A       99%         4
 Sculpt Simulacrum        Ice/Alch       0%         N/A       100%        6
 Haunt                    Necr/Summ      0%         N/A       100%        7
 Borgnjor's Revivificati  Necr           0%         N/A       100%        8
 Death's Door             Necr           0%         N/A       100%        9


Dungeon Overview and Level Annotations

Branches:
Dungeon (11/15)            Temple (1/1) D:6            Lair (0/5) D:9
    Orc (0/2) D:10          Sewer (visited)

Altars:
Ashenzari
Cheibriados
Dithmenos
Elyvilon
Fedhas
Gozag
Hepliaklqana
Kikubaaqudgha
Makhleb
Nemelex Xobeh
Okawaru
Qazlal
Ru
Sif Muna
Trog
Uskayaw
Vehumet
Wu Jian
Xom
Yredelemnul
Zin
The Shining One

Shops:
D:5 *

Annotations:
D:2 1 runed translucent door, Crazy Yiuf
D:10 tigertrap's ghost, novice DgFE


Innate Abilities, Weirdness & Mutations

Your life essence is reduced to manifest your ancestor. (-10% HP)
You can wield a second weapon in your off-hand.
It takes a long time for you to wield or remove held weapons.
Your first few attacks do less damage.
Your grasper-arms cannot wear rings.


Message History

t - Shout!
Orders for allies: a - Attack new target. r - Retreat! s - Stop attacking. g - Guard the area. f - Follow me.
Anything else - Cancel.
Okay, then.
As you read the scroll of teleportation, it crumbles to dust.
You feel strangely unstable. The ten-headed hydra bites you.
The ten-headed hydra closely misses you.
The ten-headed hydra bites you but does no damage.
The ten-headed hydra bites you. x2; The ten-headed hydra misses you.
The ten-headed hydra bites you but does no damage. x2
The ten-headed hydra closely misses you.
The ten-headed hydra bites you but does no damage.
The 11-headed hydra attacks as it pursues you!
The 11-headed hydra bites you but does no damage. x2
The 11-headed hydra completely misses you.
The 11-headed hydra closely misses you. x2; The 11-headed hydra bites you.
The 11-headed hydra barely misses you.
The 11-headed hydra bites you but does no damage.
The 11-headed hydra bites you. The 11-headed hydra bites you!
* * * LOW HITPOINT WARNING * * *
The 11-headed hydra closely misses you.
Something barely misses Viepp.
The ten-headed hydra attacks as it pursues you!
The ten-headed hydra bites you but does no damage.
The ten-headed hydra misses you.
The ten-headed hydra bites you but does no damage.
The ten-headed hydra misses you.
The ten-headed hydra closely misses you.
The ten-headed hydra bites you!
* * * LOW HITPOINT WARNING * * *
The ten-headed hydra closely misses you. x2
The ten-headed hydra misses you. The ten-headed hydra barely misses you.
The ten-headed hydra attacks as it pursues you!
The ten-headed hydra bites you!
* * * LOW HITPOINT WARNING * * *
The ten-headed hydra bites you!
You die...
Hepliaklqana delivers you to your ancestors.

#..............##~..?♣#####....
#...........####~$....~#......#
#........##.# ♣?.)..~#......#
#........##.# ♣.....~#......#
##..#######.#####..?..##......#
#.## #..##.##'''##........ #.#
##.##........######.. #.#
#..#.###W.### #.. ###.#
#..@D..R.## #.# #...# #....D.###
######.. ##.### #####.##
##....... #...###### #######..#
###.......#
#.#...##.###......#.###..........
#.###....##..####.#...#.#....###.
#.# ##........###..#.##.....###..
#.# ####.#.###..###.##...#..##..
#.# #..#..#.##....##.####..#..


You could see the friendly Viepp the knight, a 11-headed hydra, a ten-headed
hydra and tigertrap's ghost (ally target).

Vanquished Creatures
  A boulder beetle (D:7)
  Pikel (D:4)
  5 trolls
  A queen bee (D:8)
  Prince Ribbit (D:8)
  Sigmund (D:4)
  2 wyverns (D:9)
  A shadow (D:10)
  9 yaks
  A wraith (D:9)
  3 steam dragons
  4 vampire mosquitoes (D:11)
  Grum (D:8)
  An acid dragon (D:9)
  A water moccasin (D:6)
  3 orc warriors
  A sky beast (D:7)
  3 ogres (D:6)
  2 wolves (D:8)
  A centaur (D:6)
  4 phantoms
  5 kobold brigands
  4 lemures (D:4)
  A brain worm (Sewer)
  Blork the orc (D:4)
  4 gnoll sergeants
  4 bullfrogs
  4 scorpions
  7 wights
  A troll zombie (D:10)
  12 killer bees
  An electric eel (D:9)
  6 howler monkeys
  3 orc priests
  A bombardier beetle (D:5)
  2 hounds (D:4)
  3 jellies
  3 gnoll boudas (D:9)
  2 sleepcaps
  Jessica (D:2)
  Ijyb (D:4)
  Terence (D:3)
  2 iguanas (D:5)
  An orc wizard (D:10)
  4 ogre zombies (D:10)
  26 gnolls
  2 river rats
  12 adders
  A shadow imp (D:7)
  2 white imps
  2 ufetubi (D:6)
  4 dart slugs
  4 ribbon worms
  25 orcs
  7 ball pythons
  4 bats
  8 endoplasms
  2 giant cockroaches (D:4)
  4 gnoll zombies (D:10)
  9 goblins
  2 hobgoblins (D:1)
  7 jackals
  4 quokkas
  5 frilled lizards
  24 kobolds
  2 orc skeletons (D:10)
  10 orc zombies (D:10)
  10 rats
297 creatures vanquished.

Vanquished Creatures (collateral kills)
  A manticore (D:11)
  2 komodo dragons (D:9)
  A troll (D:8)
  A wyvern (D:8)
  A basilisk (D:9)
  3 yaks
  2 steam dragons (D:8)
  2 vampire mosquitoes (D:11)
  An orc warrior (D:10)
  A kobold brigand (D:9)
  A wight (D:8)
  A troll zombie (D:10)
  4 killer bees
  3 hounds (D:9)
  An orc priest (D:8)
  4 orc wizards
  5 gnolls (D:9)
  7 orcs
  2 jackals (D:9)
  5 kobolds
  A gnoll skeleton (D:10)
  A gnoll zombie (D:10)
  An orc zombie (D:10)
51 creatures vanquished.

Vanquished Creatures (others)
  3 ancestors
  3 knights
  A gnoll (D:7)
  2 orcs (D:8)
  A foxfire (D:10)
10 creatures vanquished.

Grand Total: 358 creatures vanquished

Notes
Turn   | Place    | Note
-------+----------+-------------------------------------------
     0 | D:1      | adelrune the Coglin Hexslinger began the quest for the Orb.
     0 | D:1      | Reached XP level 1. HP: 15/15 MP: 2/2
   106 | D:1      | Reached skill level 2 in Ranged Weapons
   106 | D:1      | Reached XP level 2. HP: 6/21 MP: 3/3
   332 | D:1      | Learned a level 2 spell: Jinxbite
   704 | D:1      | Found a faded altar of an unknown god.
  1046 | D:2      | Reached XP level 3. HP: 26/26 MP: 1/4
  1255 | D:2      | Noticed Jessica
  1261 | D:2      | Killed Jessica
  1262 | D:2      | Reached XP level 4. HP: 26/33 MP: 2/5
  1499 | D:2      | Found a runed translucent door.
  1500 | D:2      | Noticed Crazy Yiuf
  1561 | D:3      | Noticed Terence
  1565 | D:3      | Killed Terence
  1566 | D:3      | Reached skill level 3 in Ranged Weapons
  1715 | D:3      | Reached XP level 5. HP: 34/38 MP: 3/6
  1820 | D:3      | Found a glowing drain.
  1824 | Sewer    | Entered a sewer
  2208 | Sewer    | Reached XP level 6. HP: 46/46 MP: 4/7
  2282 | Sewer    | Reached skill level 4 in Ranged Weapons
  2478 | Sewer    | Reached XP level 7. HP: 19/52 MP: 5/8
  3665 | D:4      | Reached skill level 5 in Ranged Weapons
  3748 | D:4      | Noticed Sigmund
  3770 | D:4      | Noticed Ijyb
  3771 | D:4      | Noticed Blork the orc
  3773 | D:4      | Noticed Pikel
  3780 | D:5      | Entered Level 5 of the Dungeon
  3969 | D:5      | Reached XP level 8. HP: 60/60 MP: 6/9
  4013 | D:5      | Learned a level 3 spell: Sigil of Binding
  4249 | D:5      | Found an iron altar of Okawaru.
  4549 | D:5      | Found Reokh's Overcharged Wands.
  4880 | D:4      | Killed Blork the orc
  4958 | D:4      | Reached skill level 6 in Ranged Weapons
  4987 | D:4      | Identified the +2 ring mail "Trusted Companion" {Str+3
                  | SInv}
  5093 | D:4      | Killed Pikel
  5094 | D:4      | Reached skill level 5 in Hexes
  5094 | D:4      | Reached XP level 9. HP: 41/67 MP: 6/10
  5118 | D:4      | Killed Ijyb
  5119 | D:4      | Reached skill level 5 in Fighting
  5142 | D:4      | Killed Sigmund
  5143 | D:4      | Reached skill level 5 in Dodging
  5508 | D:6      | Reached skill level 7 in Ranged Weapons
  5836 | D:6      | Found a staircase to the Ecumenical Temple.
  5848 | Temple   | Entered the Ecumenical Temple
  5871 | Temple   | Became a worshipper of Hepliaklqana the Forgotten
  7545 | D:7      | Reached skill level 8 in Ranged Weapons
  7864 | D:7      | Reached XP level 10. HP: 75/76 MP: 9/11
  7870 | D:7      | Noticed a boulder beetle
  8124 | D:8      | Reached * piety under Hepliaklqana
  8758 | D:8      | Noticed Prince Ribbit
  8771 | D:8      | Killed Prince Ribbit
  8936 | D:8      | Reached skill level 9 in Ranged Weapons
  9557 | D:8      | Found a bloodstained altar of Trog.
  9603 | D:8      | Noticed Grum
  9617 | D:8      | Killed Grum
  9730 | D:8      | You fall into a shaft and drop 3 floors!
  9848 | D:11     | Reached XP level 11. HP: 54/75 MP: 9/12
  9860 | D:11     | Reached skill level 1 in Evocations
 10180 | D:11     | Noticed a manticore
 10191 | D:11     | Killed a manticore
 10192 | D:11     | Reached skill level 10 in Ranged Weapons
 10335 | D:10     | Entered Level 10 of the Dungeon
 10335 | D:10     | Reached ** piety under Hepliaklqana
 10336 | D:10     | Remembered your ancestor Viepp as a knight
 10434 | D:10     | Found a runed translucent gate.
 10434 | D:10     | Found a runed translucent gate.
 10434 | D:10     | Noticed tigertrap's ghost (novice DgFE)
 10434 | D:10     | Noticed a ten-headed hydra
 10434 | D:10     | Noticed an 11-headed hydra
 10441 | D:10     | Found a runed translucent gate.
 10605 | D:10     | Found a staircase to the Orcish Mines.
 11514 | D:9      | Found a staircase to the Lair.
 12070 | D:8      | Reached skill level 11 in Ranged Weapons
 12261 | D:7      | Killed a boulder beetle
 12262 | D:7      | Reached skill level 5 in Evocations
 12262 | D:7      | Reached XP level 12. HP: 84/84 MP: 10/13
 12496 | D:7      | Learned a level 4 spell: Cause Fear
 12901 | D:10     | HP: 2/84 [ten-headed hydra (8)]
 12901 | D:10     | Mangled by a ten-headed hydra

Illustrated notes

Levels and vault maps discovered:
D:1:      saegor_arrival_fortress, layout_loops_ring,
          shapermc_ecumenical_altar_venn
D:2:      layout_rooms, uniq_jessica, uniq_crazy_yiuf_cottage
D:3:      layout_basic, gup_sewer_entry_spiral, corexii_item_surrounded_by_moat,
          glass_columns_a, uniq_terence
D:4:      layout_rooms, grunt_ministairs_5, uniq_pikel, uniq_blork_the_orc,
          uniq_ijyb, uniq_sigmund
D:5:      layout_basic, okawaru_metal_pillars_1_2,
          nicolae_shop_overcharged_wands
D:6:      layout_basic, minmay_temple_entry_waves, serial_co_window_serial,
          co_window_paths_b, co_window_paths_b, co_window_paths_b,
          co_window_corner_a, co_window_of_opportunity_a,
          co_window_of_opportunity_a, co_window_corner_cb,
          co_window_unsneaky_path_a, co_window_paths_c, co_window_corner_ca,
          co_window_2corner, co_window_paths_d, co_window_4corner_a,
          glass_columns_b, glass_columns_b, glass_columns_a, glass_columns_c,
          glass_columns_a
D:7:      layout_basic, hangedman_abyss_or_decor_stabs
D:8:      layout_gridville, mainiacjoe_overflow_alcove_2, special_room
          [special_room_orc], nicolae_looking_at_the_future, uniq_grum,
          uniq_prince_ribbit1
D:9:      layout_cave_pools, erik_lair_dragon, serial_gnoll_camp,
          gnoll_camp_mini_house, gnoll_camp_mini_doghouse, gnoll_camp_huts_moat,
          gnoll_camp_mini_hut, gnoll_camp_mini_hut
D:10:     layout_rooms, zombieorc1_lemuel, gammafunk_ghost_hydra_chop
D:11:     layout_cave_pods, portal_ice_cave_rime
Temple:   mainiacjoe_temple_big_plus

Skill      XL: |  1  2  3  4  5  6  7  8  9 10 11 |
---------------+----------------------------------+-----
Ranged Weapons | 2 3 4 5 6 8 9 11 | 11.1
Dodging        | 2 3 4 5 6 7 |  7.9
Hexes          | 3 4 5 6 7 8 |  8.2
Fighting       | 2 3 4 6 7 8 |  8.4
Evocations     | 5 |  5.1
Spellcasting   | |  1.0
Fire Magic     | |  0.8

Action                     |  1- 3 |  4- 6 |  7- 9 | 10-12 || total
---------------------------+-------+-------+-------+-------++-------
   Fire: Sling             |    98 |   207 |   656 |  1180 ||  2141
   Cast: Jinxbite          |     4 |    15 |    53 |    58 ||   130
         Sigil of Binding  |       |       |    14 |     4 ||    18
 Invoke: Recall Ancestor   |       |       |       |     5 ||     5
         Ancestor Life: Kn |       |       |       |     1 ||     1
  Evoke: Phial of floods   |       |       |       |     1 ||     1
    Use: Scroll            |       |     2 |     5 |     1 ||     8
         Potion            |       |     1 |     3 |     5 ||     9
 Armour: Robe              |    35 |    17 |    46 |       ||    98
         Ring mail         |       |       |    95 |   234 ||   329
         Skin              |       |       |       |    15 ||    15
  Dodge: Dodged            |    27 |    31 |   161 |   341 ||   560

Table legend: (Time is in decaauts)
 A = Elapsed time spent in this place.
 B = Non-inter-level travel time spent in this place.
 C = Inter-level travel time spent in this place.
 D = Time resting spent in this place.
 E = Time spent auto-exploring this place.
 F = Levels seen in this place.
 G = Mean time per level.
                   A        B        C        D        E       F      G
               +--------+--------+--------+--------+--------+-----+--------+
         Total |  13264 |  12870 |    394 |   2852 |   7080 |  13 | 1020.3 |
       Dungeon |  12093 |  11742 |    351 |   2795 |   6241 |  11 | 1099.4 |
        Temple |     45 |      2 |     43 |      0 |      0 |   1 |   45.0 |
         Sewer |   1125 |   1125 |      0 |     57 |    838 |   1 | 1125.0 |
               +--------+--------+--------+--------+--------+-----+--------+

Top non-repeatable levels by time:
     D:6: 1813 daAuts
     D:8: 1620 daAuts
     D:7: 1421 daAuts
     D:4: 1157 daAuts
   Sewer: 1125 daAuts
     D:9: 1112 daAuts
     D:5: 990 daAuts
     D:3: 963 daAuts
     D:1: 886 daAuts
    D:10: 855 daAuts
     D:2: 664 daAuts
    D:11: 606 daAuts
  Temple: 45 daAuts
